AoeStats
← dainis

Fortress

509307287Analyzed
4v4 RM · 8d ago on Sep 26, 2026· 61m 43s· 8 players
Game mode
Random Map
Map size
Huge
Population
200
Speed
Normal
Resources
Standard
Victory
Conquest
Starting age
Dark Age
Ending age
Imperial Age
RankedLock teamsTeams togetherTeam positionsShared explorationLock speedFull tech treeHidden civsTurbo modeCheats
Victory
Defeat
🇹🇼 Goths · Taiwan
646
+14
🇹🇼 Mongols · Taiwan
624
+15
🇹🇼 Varangians · Taiwan
616
+15
🇹🇼 Byzantines · Taiwan
562
+17
🇪🇸 Turks · Spain
631
-17
🇨🇳 Portuguese · China
620
-16
🇮🇹 Persians · Italy
596
-15
🇱🇻 Vietnamese · Latvia
545
-13
Davide FIR
6:53 Feudal Age
8:09 Wheelbarrow
7:15 Horse Collar
7:22 Double-Bit Axe
7:24 Town Watch
9:25 Gold Mining
19:18 Castle Age
17:25 Stone Mining
20:42 Hand Cart
20:28 Town Patrol
20:41 Bow Saw
20:32 Heavy Plow
20:49 Caravan
23:01 Thumb Ring
22:46 Crossbowman
27:49 Kamandaran
35:44 Imperial Age
36:48 Ballistics
39:46 Loom
40:39 Gold Shaft Mining
42:51 Citadels
47:18 Chemistry
46:16 Murder Holes
47:13 Stone Shaft Mining
53:13 Fletching
53:23 Padded Archer Armor
53:33 Forging
53:23 Scale Mail Armor
53:28 Scale Barding Armor
54:26 Bodkin Arrow
54:46 Leather Archer Armor
dainis
2:01 Loom
8:06 Feudal Age
8:41 Man-at-Arms
10:00 Wheelbarrow
9:09 Horse Collar
9:19 Double-Bit Axe
18:57 Castle Age
17:46 Fletching
18:08 Forging
18:43 Scale Mail Armor
18:52 Padded Archer Armor
20:15 Hand Cart
19:30 Elite Skirmisher
20:46 Heavy Plow
22:13 Crossbowman
23:25 Bow Saw
23:32 Town Watch
24:00 Long Swordsman
27:40 Thumb Ring
32:50 Imperial Age
31:00 Ballistics
30:31 Guard Tower
31:33 Bodkin Arrow
32:24 Husbandry
32:35 Bloodlines
33:15 Squires
34:33 Chemistry
33:04 Two-Handed Swordsman
35:01 Crop Rotation
36:55 Caravan
38:45 Imperial Skirmisher
41:49 Chatras
43:00 Bracer
43:38 Leather Archer Armor
44:12 Cavalier
45:12 Scale Barding Armor
shenyany
6:36 Feudal Age
7:08 Loom
7:16 Horse Collar
13:39 Castle Age
12:00 Fletching
12:03 Double-Bit Axe
13:00 Gold Mining
15:59 Bow Saw
18:07 Padded Archer Armor
19:30 Stone Mining
24:42 Wheelbarrow
23:55 Town Watch
25:34 Fortified Wall
25:06 Treadmill Crane
26:47 Hand Cart
27:02 Pikeman
27:29 Gambesons
28:23 Masonry
32:36 Imperial Age
30:05 Elite Skirmisher
33:12 Imperial Skirmisher
34:15 Thumb Ring
34:16 Scale Mail Armor
41:31 Chemistry
40:37 Siege Engineers
43:42 Forging
43:49 Leather Archer Armor
43:51 Chain Mail Armor
43:41 Husbandry
43:51 Bloodlines
43:03 Cavalier
44:07 Light Cavalry
46:44 Arson
48:08 Halberdier
50:20 Chemistry
49:26 Siege Engineers
53:44 Scale Barding Armor
54:16 Iron Casting
56:51 Murder Holes
57:17 Bombard Tower
58:48 Ballistics
PerkyCake117159
2:45 Loom
8:12 Feudal Age
21:41 Castle Age
35:18 Imperial Age
33:39 Gold Mining
36:43 Heavy Camel Rider
38:02 Wheelbarrow
40:15 Double-Bit Axe
43:22 Conscription
58:08 Husbandry
gooloo gooloo
0:29 Loom
7:11 Feudal Age
10:24 Double-Bit Axe
11:17 Gold Mining
12:57 Town Watch
15:44 Castle Age
16:50 Wheelbarrow
17:15 Bow Saw
18:35 Squires
25:37 Imperial Age
24:02 Stone Mining
24:48 Forging
24:38 Scale Mail Armor
26:55 Hand Cart
27:17 Ballistics
27:10 Masonry
26:45 Treadmill Crane
27:01 Man-at-Arms
27:50 Long Swordsman
28:40 Two-Handed Swordsman
29:25 Perfusion
30:19 Iron Casting
29:59 Chain Mail Armor
32:02 Chemistry
32:13 Anarchy
36:22 Town Patrol
37:27 Blast Furnace
36:43 Chain Mail Armor
36:32 Caravan
36:47 Masonry
40:15 Coinage
39:55 Guilds
40:23 Pikeman
41:03 Halberdier
42:52 Conscription
42:07 Sappers
43:50 Fletching
43:46 Horse Collar
49:04 Banking
51:21 Bodkin Arrow
51:26 Padded Archer Armor
52:27 Two-Man Saw
51:28 Murder Holes
55:07 Champion
59:36 Bracer
59:51 Leather Archer Armor
59:41 Scale Barding Armor
60:11 Architecture
59:32 Heated Shot
59:46 Heavy Plow
Kaiiiiii
7:36 Feudal Age
13:29 Castle Age
16:18 Scale Barding Armor
18:41 Fletching
18:52 Padded Archer Armor
20:02 Bodkin Arrow
20:13 Double-Bit Axe
20:09 Horse Collar
21:27 Wheelbarrow
22:43 Heavy Plow
26:39 Light Cavalry
27:29 Bloodlines
27:23 Husbandry
27:53 Bow Saw
29:35 Chain Barding Armor
29:28 Fortified Wall
29:21 Gold Mining
30:16 Hand Cart
30:43 Murder Holes
31:09 Ballistics
32:33 Gold Shaft Mining
39:45 Imperial Age
41:45 Elite Mangudai
49:35 Loom
49:59 Bracer
50:15 Leather Archer Armor
49:52 Guard Tower
51:05 Chemistry
50:16 Masonry
50:13 Siege Engineers
52:02 Hoardings
51:54 Drill
54:04 Hussar
54:10 Pikeman
54:51 Squires
56:12 Devotion
56:13 Atonement
56:11 Herbal Medicine
iiiqq-qwzaa---q
6:28 Feudal Age
6:56 Double-Bit Axe
7:49 Wheelbarrow
7:58 Horse Collar
15:04 Castle Age
14:00 Gold Mining
16:05 Bow Saw
16:31 Forging
19:34 Scale Barding Armor
22:48 Hand Cart
23:39 Chain Barding Armor
28:25 Heavy Plow
28:19 Stone Mining
32:02 Vendel Legacy
33:39 Stone Shaft Mining
36:01 Imperial Age
36:00 Iron Casting
35:18 Fletching
35:48 Light Cavalry
36:38 Bloodlines
37:38 Heavy Scorpion
39:16 Caravan
42:04 Chemistry
41:25 Ballistics
41:43 Plate Barding Armor
42:09 Blast Furnace
40:52 Hussar
41:34 Husbandry
42:53 Two-Man Saw
42:26 Scale Mail Armor
44:07 Elite Jarl
51:46 Bodkin Arrow
allenchien1968
2:16 Loom
9:16 Feudal Age
11:40 Double-Bit Axe
11:38 Horse Collar
17:07 Castle Age
19:16 Heavy Plow
19:42 Bow Saw
22:28 Wheelbarrow
24:05 Hand Cart
24:59 Heavy Plow
30:26 Imperial Age
30:55 Elite Varangian Guard
31:24 Gambesons
33:42 Two-Man Saw
32:46 Stone Mining
32:54 Gold Mining
37:23 Coinage
36:57 Caravan
37:09 Guilds
38:03 Stone Shaft Mining
38:07 Gold Shaft Mining
38:52 Crop Rotation
38:38 Husbandry
38:02 Light Cavalry
38:52 Scale Barding Armor
38:58 Forging
38:21 Pikeman
38:50 Arson
39:07 Squires
39:25 Scale Mail Armor
40:16 Banking
39:12 Halberdier
42:24 Chain Mail Armor
42:53 Iron Casting
48:40 Man-at-Arms
49:55 Plate Mail Armor
49:46 Chain Barding Armor
49:18 Fletching
57:27 Long Swordsman
58:08 Bodkin Arrow
58:49 Plate Barding Armor
58:14 Padded Archer Armor
Connection lost

Rejoining the realm…

Still unreachable

The connection could not be restored.

Session expired

The server has moved on; the page needs a fresh start.